 Dungeon Crawl Stone Soup version 0.25-a0-1073-gf4359a17dd (webtiles) character file.

Game seed: 14644026036029944955, levelgen mode: deterministic

10840 Flugslaktarn the Cleaver (level 11, -3/100 HPs)
             Began as a Deep Dwarf Fighter on May 14, 2020.
             Was a Priest of Makhleb.
             Slain by Urug
             ... wielding a +3 long sword of draining
              (11 damage)
             ... on level 11 of the Dungeon.
             The game lasted 00:05:08 (5875 turns).

Flugslaktarn the Cleaver (Deep Dwarf Fighter)       Turns: 5875, Time: 00:05:09

Health: -3/100     AC:  5    Str: 23    XL:     11   Next: 41%
Magic:  4/4        EV:  8    Int: 10    God:    Makhleb [***...]
Gold:   348        SH: 15    Dex: 13    Spells: 10/10 levels left

rFire    . . .     SeeInvis .   i - +5 war axe (freeze) (curse)
rCold    + . .     Gourm    .   c - +0 kite shield
rNeg     . . .     Faith    .   g - +0 plate armour
rPois    .         Spirit   .   (no helmet)
rElec    .         Reflect  +   A - +0 cloak
rCorr    .         Harm     .   F - +0 pair of gloves
MR       +....                  (no boots)
Stlth    ..........             y - amulet "Nazistrer" {Reflect +Inv rC+ Int+2 SH+5}
HPRegen  0.00/turn              v - +4 ring of evasion
MPRegen  0.09/turn              (no ring)

@: corroded, very slightly contaminated, non-regenerating, very heavily drained
A: damage resistance, heal wounds, sense surroundings 2, no regeneration
a: Heal Wounds, Minor Destruction, Lesser Servant of Makhleb, Renounce Religion,
Evoke Invisibility


You were on level 11 of the Dungeon.
You worshipped Makhleb.
Makhleb was most pleased with you.
You were not hungry.

You visited 2 branches of the dungeon, and saw 12 of its levels.
You also visited: Bailey.

You collected 348 gold pieces.

Inventory:

Hand Weapons
 i - a cursed +5 war axe of freezing (weapon)
   (You took it off a wight on level 10 of the Dungeon)
Missiles
 C - a throwing net (quivered)
Armour
 c - a +0 kite shield (worn)
 g - a +0 plate armour (worn)
   (You found it on level 5 of the Dungeon)
 A - a +0 cloak (worn)
   (You found it on level 7 of the Dungeon)
 F - a +0 pair of gloves (worn)
   (You found it on level 8 of the Dungeon)
Jewellery
 v - a +4 ring of evasion (left hand)
   (You found it on level 5 of the Dungeon)
 y - the amulet "Nazistrer" (around neck) {Reflect +Inv rC+ Int+2 SH+5}
   (You found it on level 7 of the Dungeon)

   [amulet of reflection]

   It shields you and reflects attacks.
   It affects your intelligence (+2).
   It protects you from cold.
   It lets you turn invisible.
   It affects your SH (+5).
Wands
 k - a wand of acid (6)
   (You found it on level 5 of the Dungeon)
 s - a wand of digging (4)
   (You found it on level 4 of the Dungeon)
 E - a wand of iceblast (21)
   (You found it on level 8 of the Dungeon)
Scrolls
 p - a scroll of enchant armour
 r - 2 scrolls of identify
 t - 3 scrolls of teleportation
 u - a scroll of fog
 x - 10 scrolls of remove curse
Potions
 f - a potion of lignification
 h - 2 potions of haste
 j - a potion of mutation
 l - 3 potions of cancellation
 q - 3 potions of curing
 B - a potion of ambrosia
 D - a potion of magic
Comestibles
 e - 24 rations


   Skills:
 + Level 7.6(2.3) Fighting
 * Level 11.9(6.0) Axes
 + Level 9.1(3.6) Armour
 + Level 9.1(3.6) Shields
 + Level 7.5(2.3) Invocations


You had 10 spell levels left.
You didn't know any spells.
Your spell library was empty.

Dungeon Overview and Level Annotations

Branches:
Dungeon (11/15)            Temple (1/1) D:6          Bailey (visited)
   Lair: D:8-11         Orc: D:9-12

Altars:
Ashenzari
Cheibriados
Dithmenos
Elyvilon
Fedhas
Gozag
Hepliaklqana
Kikubaaqudgha
Makhleb
Nemelex Xobeh
Okawaru
Ru
Sif Muna
Trog
Uskayaw
Vehumet
Wu Jian
Xom
Yredelemnul
Zin
The Shining One

Annotations:
D:4 2 transporters, Flugslaktarn's ghost, amateur MiFi
D:7 exclusion: ice statue
D:9 Prince Ribbit
D:11 exclusion: oklob plant, Urug


Innate Abilities, Weirdness & Mutations

You are resistant to damage.
You can heal yourself by infusing magical energy.
You passively map the area around you.
You do not regenerate.


Message History

The orc knight hits you with a +0 long sword!!
Evoke which item? (* to show all) (? for menu, Esc to quit)
Aiming: Corrosive Bolt
Press: ? - help, Shift-Dir - straight line, f/p - Urug
Aim: Urug, wielding a +3 long sword of draining and wearing a +0 chain mail (severely wounded, covered in acid)
The bolt of acid hits Urug!
Urug is splashed with acid.
Urug is almost dead.
You block Urug's attack.
You feel much better.
The orc knight roars a battlecry!
Urug goes into a battle-frenzy!
You block Urug's attack.
You hit Urug but do no damage.
Urug is almost dead.
Your shield and plate armour prevent you from hitting the orc knight.
You block the orc knight's attack.
Urug hits you with a +3 long sword of draining!!!
* * * LOW HITPOINT WARNING * * *
You feel drained.
You die...

#########.......# .......#.....
................###.......#.....
............?.............#.....
..........................#.....
..........................#.....
#...o..................#.....
#....o..(.(............##'###
#...###)(###oo...............
#...#(#....#@................
#...###....#.....##'########.
#..........+........#** #..
,/...........#.......#...≈...#.
,)...#.......#.........#...#...
.....#.......#........##P..##..
,#......#...P P..# * ,*
,,#......#≈.PP , .≈* * , ,
,#......#...PP ...


You could see an orc knight and Urug (strong, corroded).

Vanquished Creatures
  Harold (D:8)
  3 two-headed ogres
  Pikel (D:6)
  Joseph (D:11)
  2 gargoyles
  A queen bee (D:8)
  A hippogriff (D:7)
  2 wraiths (D:10)
  A wyvern (D:11)
  Eustachio (D:5)
  Menkaure (D:5)
  A water moccasin (D:8)
  An orc warrior (D:8)
  A hornet zombie (D:5)
  A necrophage (D:9)
  An ice beast (D:8)
  2 sky beasts
  A black bear (D:10)
  2 phantoms
  3 ogres
  4 centaurs
  2 big kobolds
  2 crocodiles
  Blork the orc (D:5)
  6 bullfrogs
  A gnoll sergeant (D:7)
  2 scorpions
  28 killer bees
  A water moccasin skeleton (D:6)
  10 wights
  5 howler monkeys (D:8)
  2 crimson imps
  A quasit (D:7)
  3 orc priests
  5 jellies
  A gnoll shaman (D:5)
  6 hounds
  12 orc wizards
  2 bullfrog skeletons
  An iguana (D:9)
  3 worker ants
  3 hound zombies
  2 worker ant zombies
  14 gnolls
  11 adders
  2 shadow imps (D:9)
  A white imp (D:5)
  3 adder skeletons
  3 worms
  2 dart slugs (D:2)
  A leopard gecko (D:4)
  27 orcs
  3 giant cockroaches
  2 goblins
  2 hobgoblins
  8 quokkas
  A ball python (D:4)
  A bat (D:2)
  3 frilled lizards
  2 goblin zombies (D:5)
  4 hobgoblin zombies (D:5)
  5 kobolds
  2 kobold skeletons (D:5)
  A kobold zombie (D:5)
  A leopard gecko skeleton (D:4)
  An orc skeleton (D:5)
  An orc zombie (D:5)
  A rat (D:3)
233 creatures vanquished.

Vanquished Creatures (others)
  Erica (D:8)
  A hound (D:8)
  A worker ant (D:8)
  An adder (D:8)
4 creatures vanquished.

Grand Total: 237 creatures vanquished

Notes
Turn   | Place    | Note
-------+----------+-------------------------------------------
     0 | D:1      | Flugslaktarn the Deep Dwarf Fighter began the quest for the
                  | Orb.
     0 | D:1      | Reached XP level 1. HP: 20/20 MP: 1/1
   145 | D:2      | Reached XP level 2. HP: 21/27 MP: 2/2
   217 | D:2      | Reached skill level 3 in Axes
   217 | D:2      | Reached XP level 3. HP: 26/33 MP: 3/3
   349 | D:4      | Reached XP level 4. HP: 42/42 MP: 4/4
   409 | D:4      | Reached skill level 4 in Axes
   409 | D:4      | Reached XP level 5. HP: 49/49 MP: 4/4
   533 | D:4      | Noticed a phantom
   566 | D:4      | Killed a phantom
   566 | D:4      | Reached XP level 6. HP: 37/57 MP: 5/5
   592 | D:4      | Found a transporter.
   592 | D:4      | Noticed Flugslaktarn's ghost (amateur MiFi)
   615 | D:4      | Reached skill level 5 in Axes
   663 | D:4      | Found a snail-covered altar of Cheibriados.
   753 | D:4      | Found an iron altar of Okawaru.
   882 | D:4      | Found a transporter.
   957 | D:5      | Entered Level 5 of the Dungeon
   982 | D:5      | Found a shattered altar of Ashenzari.
  1011 | D:5      | Reached XP level 7. HP: 39/64 MP: 5/5
  1027 | D:5      | Noticed Menkaure
  1030 | D:5      | Noticed Eustachio
  1038 | D:5      | Killed Menkaure
  1038 | D:5      | Reached skill level 6 in Axes
  1038 | D:5      | Reached skill level 5 in Armour
  1038 | D:5      | Reached skill level 5 in Shields
  1074 | D:5      | Killed Eustachio
  1266 | D:5      | Found a glowing golden altar of the Shining One.
  1331 | D:5      | Found a hide-covered altar of Uskayaw.
  1445 | D:5      | Noticed Blork the orc
  1456 | D:5      | Killed Blork the orc
  1481 | D:5      | Found a basalt altar of Yredelemnul.
  1633 | D:5      | Reached XP level 8. HP: 32/73 MP: 5/5
  1731 | D:5      | Found a bloodstained altar of Trog.
  1733 | D:5      | Found a glowing silver altar of Zin.
  1975 | D:6      | Noticed Pikel
  2006 | D:6      | Killed Pikel
  2006 | D:6      | Reached skill level 5 in Fighting
  2006 | D:6      | Reached skill level 7 in Axes
  2118 | D:6      | Found a shadowy altar of Dithmenos.
  2291 | D:6      | Reached skill level 8 in Axes
  2320 | D:6      | Found a staircase to the Ecumenical Temple.
  2329 | Temple   | Entered the Ecumenical Temple
  2407 | Temple   | Became a worshipper of Makhleb the Destroyer
  2549 | D:6      | Found a radiant altar of Vehumet.
  2561 | D:6      | Found an ancient bone altar of Kikubaaqudgha.
  2590 | D:6      | Found a shimmering blue altar of Sif Muna.
  2598 | D:6      | Reached skill level 1 in Invocations
  2726 | D:7      | Noticed a hippogriff
  2739 | D:7      | Killed a hippogriff
  2739 | D:7      | Gained mutation: You passively map the area around you.
                  | [Deep Dwarf growth]
  2739 | D:7      | Reached XP level 9. HP: 38/81 MP: 5/7
  2820 | D:7      | Got a heavily runed iron amulet
  3351 | D:7      | Noticed an ice statue
  3438 | D:8      | Reached * piety under Makhleb
  3510 | D:8      | Reached skill level 9 in Axes
  3572 | D:8      | Noticed Erica
  3587 | D:8      | Noticed a gargoyle
  3594 | D:8      | HP: 4/82 [gargoyle/stone arrow (14)]
  3609 | D:8      | HP: 1/82 [Erica/bolt of poison (25)]
  3616 | D:8      | Killed Erica
  3635 | D:8      | Reached XP level 10. HP: 43/91 MP: 9/9
  3640 | D:8      | Killed a gargoyle
  3640 | D:8      | Reached skill level 10 in Axes
  3659 | D:8      | Identified the amulet "Nazistrer" {Reflect +Inv rC+ Int+2
                  | SH+5} (You found it on level 7 of the Dungeon)
  3690 | D:8      | Reached ** piety under Makhleb
  3695 | D:8      | Reached skill level 5 in Invocations
  3702 | D:8      | Noticed Harold
  3709 | D:8      | Noticed a two-headed ogre
  3724 | D:8      | Killed a two-headed ogre
  3736 | D:8      | Killed Harold
  3913 | D:8      | Found a shimmering altar of Xom.
  3918 | D:8      | Found a shimmering altar of Xom.
  4042 | D:8      | Found a shimmering altar of Xom.
  4043 | D:8      | Found a shimmering altar of Xom.
  4211 | D:9      | Reached skill level 11 in Axes
  4229 | D:9      | Found a flagged portal.
  4239 | Bailey   | Entered a bailey
  4239 | Bailey   | Noticed an orc knight
  4387 | D:9      | Noticed Prince Ribbit
  4478 | D:9      | Reached *** piety under Makhleb
  4672 | D:9      | Found an iron altar of Okawaru.
  4983 | D:10     | Entered Level 10 of the Dungeon
  5143 | D:10     | Reached XP level 11. HP: 95/100 MP: 5/7
  5163 | D:10     | Noticed a two-headed ogre
  5177 | D:10     | Killed a two-headed ogre
  5687 | D:10     | Found a shattered altar of Ashenzari.
  5750 | D:11     | Noticed a two-headed ogre
  5759 | D:11     | Killed a two-headed ogre
  5801 | D:11     | Noticed an oklob plant
  5828 | D:11     | Noticed Joseph
  5829 | D:11     | Noticed a +5 double sword
  5832 | D:11     | Noticed Urug
  5834 | D:11     | Killed Joseph
  5836 | D:11     | Noticed an orc knight
  5841 | D:11     | HP: 4/100 [Urug/+3 long sword of draining (2)]
  5875 | D:11     | Slain by Urug

Illustrated notes

Levels and vault maps discovered:
D:1:      dpeg_arrival_orchard, layout_rooms, nrook_mini_vaults,
          minmay_lizard_pond
D:2:      layout_loops_ring, nicolae_overflow_hidden_temple,
          kennysheep_generic_room_16
D:3:      layout_basic
D:4:      layout_cave_pools, kennysheep_mini_moat, cheibriados_altar_1,
          first_ration, gammafunk_ghost_stat_death, minmay_misc_feat_tiny,
          kennysheep_generic_room_12
D:5:      layout_loops_ring, nicolae_overflow_crystal_walls,
          nicolae_tso_besieged_by_evil,
          chequers_temple_overflow_statue_of_worship, yredelemnul_altar_generic,
          minmay_parallelograms, nicolae_ashenzari_panopticon, uniq_menkaure,
          uniq_eustachio, uniq_blork_the_orc
D:6:      layout_loops_ring, palyth_temple_overflow_mages,
          nicolae_dithmenos_the_darkroom, lemuel_temple_firewalk_b,
          lightli_corner_chamber, uniq_pikel
D:7:      lemuel_ice_statue, layout_rooms, patterned_corridor
D:8:      layout_cave_pools, xom_redecorated, david_nohive_1,
          kennysheep_generic_room_5, uniq_erica, uniq_harold
D:9:      layout_basic, enter_bailey_6, okawaru_altar_gauntlet_db,
          uniq_prince_ribbit1
D:10:     layout_roguey, basic_altar, hangedman_glass_teeth
D:11:     layout_irregular_city, dpeg_oklobed_lair, basic_altar, sword_in_stone,
          uniq_maurice, uniq_snorg
Temple:   compressed_dpeg_triangle_lava_temple

Skill      XL: |  1  2  3  4  5  6  7  8  9 10 11 |
---------------+----------------------------------+-----
Axes           | 3 4 5 6 8 9 11 | 11.9
Fighting       | 3 4 5 6 7 |  7.6
Armour         | 4 5 6 7 8 9 |  9.1
Shields        | 4 5 6 7 8 9 |  9.1
Invocations    | 1 4 6 7 |  7.5

Action                   |  1- 3 |  4- 6 |  7- 9 | 10-12 || total
-------------------------+-------+-------+-------+-------++-------
Melee: War axe           |    53 |   114 |   413 |   335 ||   915
Invok: Lesser Servant of |       |       |       |     1 ||     1
 Abil: Heal Wounds       |     1 |     5 |    18 |    28 ||    52
       Evoke Invisibilit |       |       |       |     2 ||     2
Evoke: Wand              |       |       |       |     2 ||     2
  Use: Potion            |       |       |     2 |     3 ||     5
       Scroll            |       |       |       |    19 ||    19
 Stab: Invisible         |       |       |       |    11 ||    11
  Eat: Chunk             |       |     1 |     7 |     7 ||    15
       Ration            |       |       |     1 |       ||     1
Armor: Scale mail        |    25 |    44 |    82 |       ||   151
       Plate armour      |       |       |   226 |   238 ||   464
Dodge: Dodged            |    23 |    32 |   149 |   122 ||   326
Block: Kite shield       |    21 |    77 |   299 |   357 ||   754
       Reflection        |       |       |       |    24 ||    24

Table legend:
 A = Non-vault XP
 B = Vault XP
 C = Vault XP percentage of total XP
 D = Non-vault monster count
 E = Vault monster count
 F = Vault count percentage of total count
                 A         B        C        D         E       F
            +---------+---------+-------+---------+---------+-------
      Total |   10816 |    4670 |  30.2 |     183 |      52 |  22.1
            +---------+---------+-------+---------+---------+-------
        D:1 |       2 |       0 |   0.0 |       1 |       0 |   0.0
        D:2 |      30 |      18 |  37.5 |       9 |       2 |  18.2
        D:3 |      14 |       0 |   0.0 |       2 |       0 |   0.0
        D:4 |     446 |     121 |  21.3 |      32 |       1 |   3.0
        D:5 |     486 |     416 |  46.1 |      16 |      15 |  48.4
        D:6 |     297 |     860 |  74.3 |       7 |       8 |  53.3
        D:7 |     613 |       0 |   0.0 |      18 |       0 |   0.0
        D:8 |    3022 |    2746 |  47.6 |      33 |      19 |  36.5
        D:9 |    1326 |      38 |   2.8 |      27 |       6 |  18.2
       D:10 |    3187 |       0 |   0.0 |      30 |       0 |   0.0
       D:11 |    1393 |     471 |  25.3 |       8 |       1 |  11.1
            +---------+---------+-------+---------+---------+-------
